 Dungeon Crawl Stone Soup version 0.19-a0-1831-gd4c818f (webtiles) character file.

1120 Proteus the Covert (level 8, -3/39 HPs)
             Began as a Spriggan Assassin on Oct 8, 2016.
             Was an Initiate of Trog.
             Slain by an iguana (10 damage)
             ... on level 5 of the Dungeon.
             The game lasted 00:19:16 (5847 turns).

Proteus the Covert (Spriggan Assassin)              Turns: 5847, Time: 00:19:18

Health: -3/39      AC:  6    Str:  7    XL:     8   Next: 12%
Magic:  9/9        EV: 19    Int: 17    God:    Trog [......]
Gold:   198        SH:  0    Dex: 19    Spells: 0 memorised, 7 levels left

rFire  . . .     SeeInvis +     a - +2 dagger
rCold  + . .     Gourm    .     c - +1 robe
rNeg   . . .     Faith    .     (shield restricted)
rPois  .         Spirit   .     (helmet restricted)
rElec  .         Dismiss  .     d - +2 cloak
rCorr  .         Reflect  .     (gloves unavailable)
MR     +....     Harm     .     (boots unavailable)
Stlth  ++++++....               (no amulet)
                                r - +4 ring of intelligence
                                m - ring of protection from cold

@: very quick
A: unfitting armour, see invisible, herbivore 3, speed 3, slow metabolism 2
a: Burn Spellbooks, Renounce Religion


You were on level 5 of the Dungeon.
You worshipped Trog.
Trog was noncommittal.
You were not hungry.

You visited 2 branches of the dungeon, and saw 6 of its levels.

You collected 198 gold pieces.

Inventory:

Hand Weapons
 a - a +2 dagger (weapon)
 b - a +4 blowgun
Armour
 c - a +1 robe (worn)
 d - a +2 cloak (worn)
Jewellery
 m - a ring of protection from cold (left hand)
 r - a +4 ring of intelligence (right hand)
Wands
 i - a wand of slowing (34/48)
Scrolls
 n - a scroll of teleportation
 q - a scroll of noise
Potions
 h - 2 potions of agility
 j - 2 potions of haste
 k - a potion of cancellation
 l - a potion of flight {unknown}
 o - a potion of brilliance {unknown}
 p - 2 potions of curing
Comestibles
 g - 2 bread rations


   Skills:
 + Level 2.3 Fighting
 + Level 3.1 Short Blades
 + Level 3.1 Throwing
 + Level 3.2 Dodging
 + Level 13.7 Stealth


You had 7 spell levels left.
You didn't know any spells.

Dungeon Overview and Level Annotations

Branches:
Dungeon (5/15)             Temple (1/1) D:5

Altars:
Ashenzari
Cheibriados
Dithmenos
Elyvilon
Gozag
Hepliaklqana
Kikubaaqudgha
Makhleb
Nemelex Xobeh
Ru
Sif Muna
Trog
Uskayaw
Vehumet
Xom
Yredelemnul
Zin
The Shining One

Annotations:
D:3 Proteus's ghost, amateur SpAs


Innate Abilities, Weirdness & Mutations

You are very small and have problems with some larger weapons.
You are too small for most types of armour.
You have supernaturally acute eyesight. (SInv)
You are a herbivore.
You cover ground extremely quickly.
You need consume almost no food.


Message History

The orc wizard is severely wounded.
The orc wizard gestures at you while chanting.
The puff of flame misses you.
You barely miss the orc wizard.
The orc wizard is almost dead.
You kill the orc wizard!
Trog accepts your kill.
Trog appreciates your killing of a magic user.
The iguana looks more healthy.
You hit the iguana.
The iguana is moderately wounded.
The iguana misses you.
You barely miss the iguana.
The iguana is moderately wounded.
The iguana bites you!
* * * LOW HITPOINT WARNING * * *
You hit the iguana but do no damage.
The iguana is moderately wounded.
The iguana bites you!
You die...

#........# #..(.....###########
#........#.........#
#(.......#...^.....#
###(.......#.........###########
...........+.........'(..).(....
#####...####.........##########.
#...###########...........#.
'...((()((l@..'...........#.
#...###########...........#.
#...# #...........#. #...#
#...........#. #.[.#
#...........## #...#
#...........# #...%
#...........# ##...
#...........# #... #...........#


You could see an iguana.

Vanquished Creatures
  Sigmund (D:2)
  Edmund (D:5)
  A phantom (D:5)
  2 ogres (D:4)
  A centaur (D:5)
  2 scorpions (D:4)
  A howler monkey (D:3)
  A hound (D:4)
  2 orc wizards
  2 iguanas (D:4)
  3 worker ants
  2 worker ant zombies (D:5)
  A gnoll (D:1)
  A howler monkey skeleton (D:4)
  10 adders
  2 dart slugs
  3 leopard geckos
  6 orcs
  6 giant cockroaches
  4 goblins
  8 hobgoblins
  3 quokkas
  7 bats
  2 frilled lizards
  A jackal skeleton (D:5)
  6 kobolds
  9 rats
  A spectral orc (D:4)
89 creatures vanquished.

Notes
Turn   | Place    | Note
-------+----------+-------------------------------------------
     0 | D:1      | Proteus the Spriggan Assassin began the quest for the Orb.
     0 | D:1      | Reached XP level 1. HP: 10/10 MP: 2/2
    90 | D:1      | Reached skill level 6 in Stealth
   463 | D:1      | Reached XP level 2. HP: 14/14 MP: 3/3
   561 | D:1      | Reached skill level 7 in Stealth
   630 | D:1      | Reached XP level 3. HP: 4/18 MP: 4/4
  1406 | D:2      | Noticed Sigmund
  1416 | D:2      | Killed Sigmund
  1416 | D:2      | Reached skill level 10 in Stealth
  1416 | D:2      | Reached XP level 4. HP: 22/22 MP: 5/5
  1416 | D:2      | Reached XP level 5. HP: 25/25 MP: 6/6
  2272 | D:3      | Reached skill level 11 in Stealth
  2272 | D:3      | Reached XP level 6. HP: 18/30 MP: 7/7
  2402 | D:3      | Noticed Proteus's ghost (amateur SpAs)
  2896 | D:3      | Found a snail-covered altar of Cheibriados.
  3276 | D:4      | Reached skill level 12 in Stealth
  3516 | D:4      | Reached XP level 7. HP: 20/33 MP: 8/8
  3740 | D:4      | Reached skill level 13 in Stealth
  4070 | D:4      | Found a basalt altar of Yredelemnul.
  4946 | D:5      | Entered Level 5 of the Dungeon
  4946 | D:5      | Found a staircase to the Ecumenical Temple.
  4946 | D:5      | Noticed Edmund
  4947 | D:5      | Killed Edmund
  4952 | Temple   | Entered the Ecumenical Temple
  5105 | Temple   | Became a worshipper of Trog the Wrathful
  5637 | D:5      | Found a shadowy altar of Dithmenos.
  5640 | D:5      | Reached XP level 8. HP: 39/39 MP: 9/9
  5847 | D:5      | Slain by an iguana

Vault maps used:
D:1:      mrwooster_arrival_arrow
D:2:      minmay_door_path, uniq_sigmund
D:3:      kennysheep_slug_shrine
D:4:      yredelemnul_forgotten_temple_becter, first_bread
D:5:      serial_shops, shop, grunt_dithmenos_shadows, uniq_edmund, uniq_grinder
Temple:   regret_index_temple_waves

Skill      XL: |  1  2  3  4  5  6  7 |
---------------+----------------------+-----
Stealth        | 6 7 10 11 12 13 | 13.7
Dodging        | 3 |  3.2
Fighting       | 2 |  2.3
Short Blades   | 3 |  3.1
Throwing       | 3 |  3.1

Action                   |  1- 3 |  4- 6 |  7- 9 || total
-------------------------+-------+-------+-------++-------
Melee: Dagger            |    59 |   194 |   138 ||   391
 Fire: Blowgun           |     8 |     1 |    30 ||    39
  Use: Scroll            |       |    16 |     6 ||    22
       Potion            |       |       |     1 ||     1
 Stab: Sleeping          |    10 |    15 |     8 ||    33
  Eat: Fruit             |       |       |     3 ||     3
Armor: Robe              |     3 |    23 |    21 ||    47
Dodge: Dodged            |    32 |   154 |    95 ||   281
